 Dungeon Crawl Stone Soup version 0.20-a0-223-g066d66b (webtiles) character file.

200 Lilleppy the Shield-Bearer (level 5, 0/33 HPs)
             Began as a Gargoyle Fighter on Nov 29, 2016.
             Killed from afar by an orc wizard (6 damage)
             ... with a magic dart
             ... on level 4 of the Dungeon.
             The game lasted 00:07:55 (1784 turns).

Lilleppy the Shield-Bearer (Gargoyle Fighter)       Turns: 1784, Time: 00:07:55

Health: 0/33       AC: 14    Str: 20    XL:     5   Next: 78%
Magic:  5/5        EV:  8    Int:  9    God:
Gold:   141        SH:  9    Dex:  9    Spells: 4/4 levels left

rFire  . . .     SeeInvis .     v - -2 dagger (curse)
rCold  . . .     Gourm    .     b - +0 scale mail
rNeg   + . .     Faith    .     x - +0 shield
rPois  ∞         Spirit   .     (no helmet)
rElec  +         Reflect  .     s - +0 cloak
rCorr  .         Harm     .     (no gloves)
MR     .....                    r - +1 pair of boots
Stlth  ..........               (no amulet)
                                (no ring)
                                (no ring)

@: no status effects
A: negative energy resistance 1, electricity resistance, unbreathing,
petrification resistance, rot immunity, AC +4
a: no special abilities


You were on level 4 of the Dungeon.
You were not hungry.

You visited 1 branch of the dungeon, and saw 4 of its levels.

You collected 141 gold pieces.

Inventory:

Hand Weapons
 a - a +0 flail
 t - a +0 dagger
 v - a cursed -2 dagger (weapon)
Armour
 b - a +0 scale mail (worn)
 c - a +0 shield
 r - a +1 pair of boots (worn)
 s - a +0 cloak (worn)
 x - a +0 shield (worn)
Scrolls
 e - a scroll of fear {unknown}
 g - a scroll of noise {unknown}
 h - 3 scrolls of identify {unknown}
 i - a scroll of blinking {unknown}
 j - 2 scrolls of immolation {unknown}
 l - a scroll of teleportation {unknown}
 n - a scroll of magic mapping {unknown}
 p - a scroll of recharging {unknown}
 y - a scroll of enchant weapon {unknown}
Potions
 d - 2 potions of might
 k - a potion of mutation {unknown}
 o - a potion of berserk rage {unknown}
 q - a potion of flight {unknown}
 u - 2 potions of lignification {unknown}
 w - 3 potions of heal wounds {unknown}
Comestibles
 f - a bread ration
 m - a meat ration


   Skills:
 + Level 3.9 Fighting
 + Level 3.4 Maces & Flails
 + Level 4.0 Armour
 + Level 1.5 Dodging
 + Level 4.5 Shields


You had 4 spell levels left.
You didn't know any spells.

Dungeon Overview and Level Annotations

Branches:
Dungeon (4/15)
 Temple: D:4-7

Altars:


Innate Abilities, Weirdness & Mutations

You are resistant to torment.
Your stone body is resilient. (AC +4)
You are immune to poison.
You resist negative energy. (rN+)
You are resistant to electric shocks. (rElec)
You can survive without breathing.
You are immune to petrification.
You are immune to rotting.


Message History

The orc hits you but does no damage. x2
You barely miss the orc. The orc barely misses you.
Something completely misses you.
The orc priest hits you but does no damage.
The orc hits you but does no damage. The orc barely misses you.
You hit the orc but do no damage.
You hear some strange, mumbled words.
A magic dart appears from out of thin air!
The magic dart hits you! The orc hits you but does no damage.
The orc priest calls down the wrath of Beogh upon you.
Pain shoots through your body!
* * * LOW HITPOINT WARNING * * *
The orc barely misses you.
There are monsters nearby!
You feel less confused. You block the orc's attack.
You hear some strange, mumbled words.
A magic dart appears from out of thin air!
The magic dart hits you!
You die...

##### ########## #...#
#........#
###...####......o{#########
................@.o........
##########......oo#...#####
........#.....#####...#
................. ......
.#....#.#.....##...##.....
.#'##.#.####### .. .....#
....# # .. .....# ..<.# ...
####.. ....#


You could see an orc priest and 3 orcs.

Vanquished Creatures
  3 vampire bats (D:3)
  2 adders (D:3)
  An ooze (D:2)
  A dart slug (D:2)
  2 leopard geckos
  An orc (D:3)
  2 ball pythons (D:2)
  3 giant cockroaches
  5 goblins
  10 hobgoblins
  5 kobolds
  11 bats
  4 frilled lizards
  9 rats
59 creatures vanquished.

Notes
Turn   | Place    | Note
-------+----------+-------------------------------------------
     0 | D:1      | Lilleppy the Gargoyle Fighter began the quest for the Orb.
     0 | D:1      | Reached XP level 1. HP: 14/14 MP: 1/1
   305 | D:1      | Reached XP level 2. HP: 19/19 MP: 2/2
   739 | D:2      | Reached XP level 3. HP: 13/23 MP: 3/3
  1288 | D:3      | Reached XP level 4. HP: 25/29 MP: 4/4
  1369 | D:3      | Reached skill level 1 in Dodging
  1501 | D:3      | Reached XP level 5. HP: 22/33 MP: 5/5
  1566 | D:3      | Paralysed by fainting for 10 turns
  1614 | D:3      | Paralysed by fainting for 12 turns
  1784 | D:4      | Killed from afar by an orc wizard

Vault maps used:
D:1:      lightli_arrival_farm, grunt_decor_one_mirror, minivault_11
D:2:      kennysheep_generic_room_2
D:3:      first_bread, roderic_batcave
D:4:      serial_shops, kennysheep_mini_moat, minmay_fountain_box,
          uniq_menkaure, uniq_natasha

Skill      XL: |  1  2  3  4  5 |
---------------+----------------+-----
Maces & Flails | 3 |  3.4
Shields        | 4 |  4.5
Dodging        | 1 |  1.5
Armour         | 4 |  4.0
Fighting       | |  3.9

Action                   |  1- 3 |  4- 6 || total
-------------------------+-------+-------++-------
Melee: Flail             |   152 |   135 ||   287
       Dagger            |       |    18 ||    18
  Use: Scroll            |       |     1 ||     1
  Eat: Bread ration      |       |     1 ||     1
Armor: Scale mail        |   112 |   267 ||   379
Dodge: Dodged            |    70 |   144 ||   214
Block: Shield            |   113 |   185 ||   298
